 Dungeon Crawl Stone Soup version 0.31-a0-321-g19405a7a6a (webtiles) character file.

Game seed: 13488800373170391340

680 LeprechaunX the Changeling (level 7, -2/47 HPs)
             Began as an Octopode Shapeshifter on July 17, 2023.
             Succumbed to a water moccasin's poison
             ... on level 5 of the Dungeon.
             The game lasted 00:07:16 (4086 turns).

LeprechaunX the Changeling (Octopode Shapeshifter)  Turns: 4086, Time: 00:07:16

Health: -2/47      AC:  1    Str: 16    XL:     7   Next: 60%
Magic:  7/7        EV: 19    Int: 10    God:
Gold:   252        SH:  0    Dex: 13    Spells: 4/6 levels left

rFire   . .          .
                       - Unarmed
rCold   . . .        (no shield)
rNeg    . . .        (helmet currently unavailable)
rPois   .            (no amulet)
rElec   .            x - +5 ring of evasion
rCorr   .            (no ring)
SInv    .            (no ring)
Will    +....        (no ring)
Stlth   ++           (no ring)
HPRegen 0.27/turn    (no ring)
MPRegen 0.10/turn    (no ring)
                     (no ring)

%: no passive effects
@: mighty, lethally poisoned (-2 -> -12), beast-form, enlightened, flying,
hasted, very quick
A: beast (slay +3), almost no armour, amphibious, 8 rings, camouflage 1,
gelatinous body 1, (nimble swimmer 1), tentacles
a: Begin Untransformation


You were on level 5 of the Dungeon.
You were a hulking beast.
You visited 2 branches of the dungeon, and saw 6 of its levels.

You collected 252 gold pieces.

Inventory:

Missiles
 o - 2 throwing nets
 q - 10 poisoned darts (quivered)
Jewellery
 k - an amulet of faith
 x - a +5 ring of evasion (left tentacle)
 z - a ring of willpower
Talismans
 b - a beast talisman
 g - a maw talisman
 C - a blade talisman
Wands
 p - a wand of light (11)
 y - a wand of mindburst (10)
Scrolls
 c - a scroll of enchant weapon {unknown}
 d - 2 scrolls of identify {unknown}
 f - a scroll of fear {unknown}
 j - 2 scrolls of torment {unknown}
 l - a scroll of teleportation {unknown}
 m - a scroll of fog {unknown}
 s - a scroll of brand weapon {unknown}
 t - a scroll of amnesia {unknown}
 u - a scroll of poison {unknown}
 v - a scroll of enchant armour {unknown}
Potions
 a - a potion of lignification
 e - 2 potions of enlightenment
 h - a potion of heal wounds {unknown}
 i - a potion of might
 n - a potion of curing {unknown}
 r - a potion of magic {unknown}
 w - a potion of mutation {unknown}
 A - a potion of haste
 B - a potion of ambrosia {unknown}


   Skills:
 + Level 3.9 Fighting
 - Level 4.0 Dodging
 + Level 4.3 Unarmed Combat
 * Level 5.1 Shapeshifting


You had 4 spell levels left.
You knew the following spells:

 Your Spells              Type           Power      Damage    Failure   Level
a - Blink                 Tloc           0%         N/A       50%         2

Your spell library contained the following spells:

 Spells                   Type           Power      Damage    Failure   Level
 Kiss of Death            Conj/Necr      0%         2d5       36%         1
 Magic Dart               Conj           0%         1d3       36%         1
 Shock                    Conj/Air       0%         1d3       36%         1
 Lesser Beckoning         Tloc           0%         N/A       50%         2
 Momentum Strike          Conj/Tloc      0%         3d8       50%         2
 Swiftness                Air            0%         N/A       75%         3
 Airstrike                Air            0%         2d(0-16)  98%         4
 Starburst                Conj/Fire      0%         6d3       100%        6


Dungeon Overview and Level Annotations

Branches:
Dungeon (5/15)             Temple (1/1) D:5

Altars:
Ashenzari
Cheibriados
Elyvilon
Gozag
Hepliaklqana
Kikubaaqudgha
Makhleb
Nemelex Xobeh
Qazlal
Ru
Sif Muna
Vehumet
Wu Jian
Xom
Zin
The Shining One

Annotations:
D:3 Grinder


Innate Abilities, Weirdness & Mutations

You are a hulking beast.
Your limbs bulge with bestial killing power. (Slay +3)
You cannot wear most types of armour.
You are amphibious.
You can wear up to eight rings at the same time.
Your skin changes colour to match your surroundings (Stealth+).
Your rubbery body absorbs attacks. (AC +1, EV +1)
((You are camouflaged when in or above water. (Stealth+)))
You have tentacles for arms and can constrict up to eight enemies at once.


Message History

You feel very sick. The water moccasin barely misses you.
You tentacle-slap the water moccasin. You grab the water moccasin.
You squeeze the water moccasin!
The water moccasin is heavily wounded.
You constrict the water moccasin.
You feel very sick. The water moccasin bites you.
The water moccasin barely misses you.
You tentacle-slap the water moccasin.
The water moccasin is severely wounded.
You constrict the water moccasin, but do no damage.
You feel sick. The water moccasin bites you.
You are too injured to fight recklessly!
You are too injured to fight recklessly!
You tentacle-slap the water moccasin.
The water moccasin is almost dead.
You constrict the water moccasin.
You feel sick. The water moccasin bites you.
* * * LOW HITPOINT WARNING * * *
You are lethally poisoned!
The water moccasin poisons you!
You tentacle-slap the water moccasin. You squeeze the water moccasin.
You kill the water moccasin!
* * * LOW HITPOINT WARNING * * *
You feel very sick.
Training target 4.0 for Dodging reached!
Your Dodging skill increases to level 4!
Your Shapeshifting skill increases to level 5!
There is a lethal amount of poison in your body!
There is a lethal amount of poison in your body!
It was a potion of enlightenment.
You feel very buoyant.
You fly up into the air.
* * * LOW HITPOINT WARNING * * *
You feel very sick.
It was a potion of might.
You feel very mighty all of a sudden.
* * * LOW HITPOINT WARNING * * *
You feel very sick.
It was a potion of haste.
You feel yourself speed up.
You die...

###### .#####
.....###.....#
####.##>.....#
#.##...##.# #.##...##.#
#.##...##.# #
####.##...##.## .#
..##.##...#.#.####..####
..##.......###..h†......
>.......###.#.####...###
..####### #.# ...#
..##### #<# ..# ......#
# # .# ....#.# # ###.# #
#.# # #.#


There were no monsters in sight!

Vanquished Creatures
  A water moccasin (D:5)
  An ogre (D:5)
  A phantom (D:4)
  A kobold brigand (D:4)
  A howler monkey (D:5)
  A hound (D:4)
  A jelly (D:5)
  Jessica (D:2)
  3 iguanas
  A sleepcap (D:5)
  5 adders
  3 worms
  A dart slug (D:2)
  5 orcs (D:4)
  7 ball pythons
  5 bats
  3 endoplasms
  4 giant cockroaches
  4 goblins
  5 hobgoblins
  3 jackals (D:4)
  6 kobolds
  5 quokkas
  6 frilled lizards
  2 rats
76 creatures vanquished.

Notes
Turn   | Place    | Note
-------+----------+-------------------------------------------
     0 | D:1      | LeprechaunX the Octopode Shapeshifter began the quest for
                  | the Orb.
     0 | D:1      | Reached XP level 1. HP: 14/14 MP: 1/1
   147 | D:1      | Reached XP level 2. HP: 18/19 MP: 2/2
   240 | D:1      | Found a faded altar of an unknown god.
   996 | D:2      | Reached XP level 3. HP: 20/24 MP: 3/3
  1002 | D:2      | Learned a level 2 spell: Blink
  1177 | D:2      | Noticed Jessica
  1184 | D:2      | Killed Jessica
  1185 | D:2      | Reached XP level 4. HP: 22/30 MP: 4/4
  1834 | D:3      | Noticed Grinder
  2012 | D:3      | Found a burning altar of Makhleb.
  2045 | D:3      | Found a sparkling altar of Nemelex Xobeh.
  2186 | D:3      | Reached XP level 5. HP: 24/35 MP: 5/5
  2523 | D:3      | Found a faded altar of an unknown god.
  2528 | D:3      | Found an ancient bone altar of Kikubaaqudgha.
  2855 | D:4      | Got the Verses on Bombardment
  3026 | D:4      | Noticed a kobold brigand
  3027 | D:4      | Noticed a phantom
  3078 | D:4      | Killed a kobold brigand
  3079 | D:4      | Reached skill level 4 in Shapeshifting
  3079 | D:4      | Reached XP level 6. HP: 31/42 MP: 6/6
  3529 | D:4      | Found a snail-covered altar of Cheibriados.
  3658 | D:5      | Entered Level 5 of the Dungeon
  3674 | D:5      | Found a staircase to the Ecumenical Temple.
  3721 | D:5      | Reached XP level 7. HP: 46/46 MP: 7/7
  3918 | Temple   | Entered the Ecumenical Temple
  4016 | D:5      | Identified the +5 leather armour of the Vacuum {rPois Will-
                  | Str+4 Stlth+}
  4084 | D:5      | Reached skill level 5 in Shapeshifting
  4085 | D:5      | HP: 1/47 [poisoned by a water moccasin]
  4086 | D:5      | Succumbed to a water moccasin's poison

Illustrated notes

Levels and vault maps discovered:
D:1:      spicycebolla_green_bress_n_ham, layout_basic, basic_ecumenical_altar
D:2:      layout_basic, st_stairs_5, minmay_misc_feat_rows, uniq_jessica
D:3:      layout_rooms, nicolae_overflow_ecumenical_swirl,
          mainiacjoe_overflow_surrounded_room, lightli_temple_of_fire,
          uniq_grinder
D:4:      minmay_inner_zag, layout_loops_cross, nicolae_overflow_hidden_temple,
          minivault_25
D:5:      layout_loops_ring, minmay_temple_entry_wispy, uniq_sigmund
Temple:   nicolae_temple_bog_church

Skill      XL: |  1  2  3  4  5  6  7 |
---------------+----------------------+-----
Unarmed Combat | 3 4 |  4.3
Fighting       | 3 |  3.9
Dodging        | 3 4 |  4.0
Shapeshifting  | 4 5 |  5.1

Action                     |  1- 3 |  4- 6 |  7- 9 || total
---------------------------+-------+-------+-------++-------
  Melee: Unarmed           |    53 |    89 |    23 ||   165
         Constrict         |    14 |    22 |     5 ||    41
         Tentacles         |    14 |    19 |     6 ||    39
         Punch             |       |     2 |     3 ||     5
  Throw: Dart              |       |     3 |       ||     3
    Use: Potion            |       |       |     3 ||     3
   Stab: Sleeping          |     8 |     5 |       ||    13
         Distracted        |       |     1 |       ||     1
 Armour: Skin              |     4 |     2 |       ||     6
  Dodge: Dodged            |    27 |    41 |    19 ||    87

Table legend: (Time is in decaauts)
 A = Elapsed time spent in this place.
 B = Non-inter-level travel time spent in this place.
 C = Inter-level travel time spent in this place.
 D = Time resting spent in this place.
 E = Time spent auto-exploring this place.
 F = Levels seen in this place.
 G = Mean time per level.
                   A        B        C        D        E       F      G
               +--------+--------+--------+--------+--------+-----+--------+
         Total |   4076 |   3666 |    410 |     91 |   2999 |   6 |  679.3 |
       Dungeon |   4008 |   3664 |    344 |     91 |   2999 |   5 |  801.6 |
        Temple |     67 |      1 |     66 |      0 |      0 |   1 |   67.0 |
               +--------+--------+--------+--------+--------+-----+--------+

Top non-repeatable levels by time:
     D:4: 1095 daAuts
     D:1: 979 daAuts
     D:2: 902 daAuts
     D:3: 675 daAuts
     D:5: 356 daAuts
  Temple: 67 daAuts
